 Dungeon Crawl Stone Soup version 0.22.1-1-ga44c0e56f4 (webtiles) character file.

76 Knicklaso the Shield-Bearer (level 4, -6/35 HPs)
             Began as a Human Fighter on Sept 26, 2018.
             Killed by divine providence
             ... invoked by an orc priest
              (10 damage)
             ... on level 3 of the Dungeon.
             The game lasted 00:03:24 (1398 turns).

Knicklaso the Shield-Bearer (Human Fighter)         Turns: 1398, Time: 00:03:25

Health: -6/35      AC:  9    Str: 18    XL:     4   Next: 57%
Magic:  4/4        EV:  7    Int:  8    God:
Gold:   109        SH:  9    Dex: 12    Spells: 3/3 levels left

rFire    . . .     SeeInvis .   a - +0 flail
rCold    . . .     Gourm    .   c - +0 shield
rNeg     . . .     Faith    .   b - +0 scale mail
rPois    .         Spirit   .   l - +1 hat
rElec    .         Reflect  .   s - +0 cloak
rCorr    .         Harm     .   (no gloves)
MR       .....                  (no boots)
Stlth    ..........             (no amulet)
HPRegen  0.11/turn              (no ring)
MPRegen  0.09/turn              (no ring)

@: no status effects
A: no striking features
a: no special abilities


You were on level 3 of the Dungeon.
You were not hungry.

You visited 1 branch of the dungeon, and saw 3 of its levels.

You collected 109 gold pieces.

Inventory:

Hand Weapons
 a - a +0 flail (weapon)
Missiles
 g - 89 stones (quivered)
Armour
 b - a +0 scale mail (worn)
 c - a +0 shield (worn)
 l - a +1 hat (worn)
 s - a +0 cloak (worn)
Jewellery
 t - a cursed ring of teleportation {unknown}
Wands
 o - a wand of paralysis (10)
 r - a wand of digging (16)
Scrolls
 e - a scroll of amnesia {unknown}
 h - 4 scrolls of identify {unknown}
 i - 2 scrolls of blinking {unknown}
 j - 3 scrolls of teleportation {unknown}
 k - 3 scrolls of fear {unknown}
 m - a scroll of enchant armour {unknown}
Potions
 d - a potion of might
 n - a potion of curing {unknown}
 p - a potion of magic {unknown}
 q - a potion of mutation {unknown}
 u - a potion of berserk rage {unknown}
 w - a potion of heal wounds {unknown}
Comestibles
 f - 3 rations
 v - 4 chunks of flesh


   Skills:
 - Level 3.0 Fighting
 * Level 3.4 Maces & Flails
 + Level 3.5 Armour
 + Level 3.5 Shields


You had 3 spell levels left.
You didn't know any spells.
Your spell library was empty.

Dungeon Overview and Level Annotations

Branches:
Dungeon (3/15)

Altars:


Message History

The orc priest completely misses you. The orc hits you but does no damage.
You block the orc priest's attack.
Your scale mail prevents you from hitting the orc priest.
The orc priest is heavily wounded.
The orc hits you with a dagger. The orc hits you but does no damage.
The orc priest calls down the wrath of Beogh upon you.
Pain shoots through your body! The orc priest barely misses you.
A rat comes into view.
The orc priest miscasts a cantrip.
The orc priest calls upon Beogh to heal the orc priest.
The orc priest is healed somewhat.
The orc priest calls upon Beogh to heal the orc priest.
The orc priest's wounds heal themselves!
The orc priest mumbles some strange prayers to Beogh against you.
Beogh smites you!
* * * LOW HITPOINT WARNING * * *
The orc priest looks encouraged for a moment.
The orc priest mumbles some strange prayers to Beogh against you.
Beogh smites you!
You die...

.......or..#... ..
##.##....$ #. ##.o...(r#
#..####...######
###..#...o#.##########..
........................
..................###
.............####.#
.......@.....# #.####
.............# #....###
.............# ####....
.............# #####
....<........#
............## ####
............. ....
############## ####


You could see an orc priest and an orc.

Vanquished Creatures
  An adder (D:3)
  2 oozes
  A worm (D:2)
  3 dart slugs
  A leopard gecko (D:1)
  An orc (D:3)
  A ball python (D:1)
  2 giant cockroaches (D:1)
  2 goblins (D:1)
  5 hobgoblins
  6 jackals (D:2)
  8 kobolds
  5 bats
  3 frilled lizards
  6 rats
47 creatures vanquished.

Notes
Turn   | Place    | Note
-------+----------+-------------------------------------------
     0 | D:1      | Knicklaso the Human Fighter began the quest for the Orb.
     0 | D:1      | Reached XP level 1. HP: 18/18 MP: 1/1
    35 | D:1      | Reached XP level 2. HP: 23/24 MP: 2/2
   179 | D:1      | Reached XP level 3. HP: 28/29 MP: 3/3
   332 | D:1      | You fall through a shaft!
   514 | D:2      | Reached XP level 4. HP: 27/35 MP: 4/4
  1398 | D:3      | Killed from afar by an orc priest

Skill      XL: |  1  2  3 |
---------------+----------+-----
Maces & Flails | 3 |  3.4
Fighting       | |  3.0
Armour         | |  3.5
Shields        | |  3.5

Action                   |  1- 3 |  4- 6 || total
-------------------------+-------+-------++-------
Melee: Flail             |   117 |    41 ||   158
Throw: Stone             |       |     3 ||     3
  Eat: Chunk             |       |     2 ||     2
Armor: Scale mail        |    43 |    21 ||    64
Dodge: Dodged            |    33 |    11 ||    44
Block: Shield            |    56 |    22 ||    78
